 Dungeon Crawl Stone Soup version 0.23.0 (webtiles) character file.

Game seed: 1813701145941848424

3334 Meow the Tainter (level 10, 80/80 (81) HPs)
             Began as a Naga Venom Mage on Feb 17, 2019.
             Was a Follower of Okawaru.
             Quit the game on level 8 of the Dungeon.
             The game lasted 00:31:22 (8296 turns).

Meow the Tainter (Naga Venom Mage)                  Turns: 8296, Time: 00:31:22

HP:   80/80 (81)    AC:  9    Str: 11    XL:     10   Next: 2%
MP:   15/19         EV: 11    Int: 22    God:    Okawaru [*.....]
Gold: 326           SH:  0    Dex: 12    Spells: 7/21 levels left

rFire    . . .     SeeInvis +   a - +4 hunting sling
rCold    . . .     Gourm    .   (no shield)
rNeg     . . .     Faith    .   d - +0 robe
rPois    +         Spirit   .   x - +0 helmet
rElec    .         Reflect  .   e - +2 cloak {rPois}
rCorr    .         Harm     .   g - +0 pair of gloves
MR       +....                  (no barding)
Stlth    ++++......             (no amulet)
HPRegen  0.23/turn              i - ring of stealth
MPRegen  0.16/turn              z - +4 ring of intelligence

@: very slow
A: large, see invisible, deformed body, poison resistance, slowness 2, slow
metabolism 1, spit poison 1, AC +3
a: Spit Poison, Heroism, Renounce Religion


You were on level 8 of the Dungeon.
You worshipped Okawaru.
Okawaru was aware of your devotion.
You were hungry.

You visited 2 branches of the dungeon, and saw 9 of its levels.

You collected 326 gold pieces.

Inventory:

Hand Weapons
 a - a +4 hunting sling (weapon)
 b - a +2 whip of venom
Missiles
 f - 197 stones (quivered)
 j - 32 bolts
 q - 100 arrows
Armour
 d - a +0 robe (worn)
 e - a +2 cloak of poison resistance (worn)
 g - a +0 pair of gloves (worn)
 s - a +0 buckler
 x - a +0 helmet (worn)
Jewellery
 i - a ring of stealth (left hand)
 z - a +4 ring of intelligence (right hand)
 B - an uncursed ring of flight
Wands
 o - a wand of acid (11)
 t - a wand of iceblast (8)
 y - a wand of random effects (8)
 E - a wand of flame (22)
Scrolls
 h - 3 scrolls of teleportation
 k - 2 scrolls of magic mapping
 l - 2 scrolls of remove curse
 m - a scroll of enchant weapon
 p - a scroll of amnesia {unknown}
 A - a scroll of blinking {unknown}
 C - a scroll of fog {unknown}
 D - a scroll of identify
Potions
 n - a potion of brilliance
 r - a potion of curing
 u - 2 potions of flight
 v - a potion of mutation {unknown}
 w - 4 potions of heal wounds
 F - a potion of magic {unknown}
Comestibles
 c - 7 rations


   Skills:
 + Level 2.7 Fighting
 + Level 3.3 Maces & Flails
 + Level 0.2(0.4) Slings
   Level 3.6 Bows
 + Level 0.4(0.5) Throwing
 + Level 3.4 Dodging
 + Level 5.4 Stealth
 + Level 6.2 Spellcasting
 + Level 4.9 Conjurations
 + Level 4.5 Air Magic
 + Level 8.8 Poison Magic


You had 7 spell levels left.
You knew the following spells:

 Your Spells              Type           Power        Failure   Level  Hunger
a - Sting                 Conj/Pois      ####         1%          1    None
b - Poisonous Vapours     Pois/Air       #####.       1%          2    None
c - Mephitic Cloud        Conj/Pois/Air  ####....     2%          3    #......
f - Venom Bolt            Conj/Pois      #####.....   14%         5    #####..
r - Regeneration          Chrm/Necr      #.........   26%         3    #......

Your spell library contained the following spells:

 Spells                   Type           Power        Failure   Level  Hunger
 Olgreb's Toxic Radiance  Pois           #####...     2%          4    ###....
 Infusion                 Chrm           #...         9%          1    None
 Summon Butterflies       Summ           #.......     9%          1    None
 Shroud of Golubria       Chrm/Tloc      #.........   14%         2    None
 Song of Slaying          Chrm           #.......     14%         2    None
 Call Canine Familiar     Summ           #.......     26%         3    #......
 Spectral Weapon          Hex/Chrm       #.......     26%         3    #......
 Summon Ice Beast         Ice/Summ       #.......     65%         4    ###....
 Summon Mana Viper        Hex/Summ       #.......     94%         5    #####..
 Summon Hydra             Summ           #.........   100%        7    #######


Dungeon Overview and Level Annotations

Branches:
Dungeon (8/15)             Temple (1/1) D:7
   Lair: D:8-11

Altars:
Ashenzari
Cheibriados
Elyvilon
Fedhas
Gozag
Hepliaklqana
Kikubaaqudgha
Makhleb
Nemelex Xobeh
Okawaru
Qazlal
Ru
Sif Muna
Trog
Uskayaw
Vehumet
Wu Jian
Xom
Yredelemnul
Zin
The Shining One
Lugonu

Annotations:
D:6 2 transporters


Innate Abilities, Weirdness & Mutations

You cannot wear boots.
Your serpentine skin is tough. (AC +3)
You have supernaturally acute eyesight. (SInv)
Armour fits poorly on your strangely shaped body.
Your system is resistant to poisons. (rPois)
You cover ground very slowly.
You have a slow metabolism.
You can spit poison.


Message History

Poisonous vapours surround the orc wizard!
The orc wizard is engulfed in poison gas.
The orc wizard is poisoned.
Casting: Poisonous Vapours (safe; 1% risk of failure)
Confirm with . or Enter, or press ? or * to list all spells.
Aiming: Poisonous Vapours (safe; 1% risk of failure)
Press: ? - help, Dir - move target cursor, f/p - orc wizard
Aim: an orc wizard, wielding a +0 dagger and wearing a +0 robe (severely wounded, poisoned) Poisonous vapours surround the orc wizard!
The orc wizard is engulfed in poison gas.
The orc wizard looks even sicker.
You kill the orc wizard!
Okawaru accepts your kill.
You can now gain great but temporary skills.
An orc wizard comes into view. It is wielding a +0 dagger.
The orc wizard moves out of view.
Casting: Poisonous Vapours (safe; 1% risk of failure)
Confirm with . or Enter, or press ? or * to list all spells.
Okay, then.
Are you sure you want to abandon this character and quit the game? (Confirm with "yes".)

##..#........#####
..###.#..#..........
(. #..###.#.#####
(.## ##. #.#.# #
##..## #.#.# ##
..###....## #.#.# #.
..........##.# #.#.#
#. ........°....#
#.#.# #. #@# #.#.#
#. #.########.#.# #.
#............####.
##########........
#########


There were no monsters in sight!

Vanquished Creatures
  Pikel (D:6)
  Sigmund (D:5)
  Grum (D:8)
  2 orc warriors
  3 slaves
  A necrophage (D:7)
  2 black bears
  A phantom (D:6)
  2 sky beasts (D:6)
  2 centaurs
  2 ogres (D:6)
  2 wolves (D:8)
  Blork the orc (D:6)
  4 bullfrogs
  2 scorpions
  3 killer bees
  3 howler monkeys
  A crimson imp (D:6)
  A hound (D:6)
  A jelly (D:7)
  2 orc priests
  2 bullfrog skeletons
  2 iguanas
  6 orc wizards
  4 worker ants
  6 gnolls
  7 adders
  3 shadow imps
  2 oozes
  An adder skeleton (D:6)
  3 worms
  3 leopard geckos
  11 orcs
  2 ball pythons
  4 giant cockroaches
  5 goblins
  6 hobgoblins
  7 jackals
  10 kobolds
  2 quokkas
  3 bats (D:2)
  4 frilled lizards
  A jackal skeleton (D:6)
  A leopard gecko zombie (D:6)
  4 rats
137 creatures vanquished.

Vanquished Creatures (others)
  A centaur (D:6)
  A killer bee (D:6)
  A bullfrog skeleton (D:6)
3 creatures vanquished.

Grand Total: 140 creatures vanquished

Notes
Turn   | Place    | Note
-------+----------+-------------------------------------------
     0 | D:1      | Meow the Naga Venom Mage began the quest for the Orb.
     0 | D:1      | Reached XP level 1. HP: 15/15 MP: 3/3
    41 | D:1      | You fall through a shaft!
    46 | D:2      | Found a glowing silver altar of Zin.
    62 | D:2      | Reached XP level 2. HP: 22/22 MP: 0/5
   166 | D:2      | Learned a level 2 spell: Poisonous Vapours
   378 | D:2      | Reached XP level 3. HP: 28/28 MP: 3/6
   383 | D:2      | Learned a level 3 spell: Mephitic Cloud
   438 | D:2      | Found a glowing golden altar of the Shining One.
   543 | D:2      | Reached skill level 5 in Poison Magic
  1105 | D:2      | Reached XP level 4. HP: 36/36 MP: 4/7
  2851 | D:3      | Reached XP level 5. HP: 40/42 MP: 3/8
  3345 | D:4      | Reached skill level 6 in Poison Magic
  3498 | D:4      | Noticed a phantom
  3512 | D:5      | Entered Level 5 of the Dungeon
  3536 | D:5      | Noticed a centaur
  3556 | D:5      | Killed a centaur
  3556 | D:5      | Reached XP level 6. HP: 20/49 MP: 4/10
  3779 | D:5      | Found a shimmering altar of Xom.
  3824 | D:5      | Learned a level 5 spell: Venom Bolt
  3954 | D:5      | Noticed Sigmund
  3963 | D:5      | Killed Sigmund
  3963 | D:5      | Reached XP level 7. HP: 56/56 MP: 9/12
  4383 | D:5      | Reached skill level 1 in Bows
  4892 | D:6      | Found a shattered altar of Ashenzari.
  4910 | D:6      | Reached skill level 1 in Fighting
  4916 | D:6      | Found a white marble altar of Elyvilon.
  5012 | D:6      | Reached XP level 8. HP: 66/66 MP: 10/14
  5021 | D:6      | Reached skill level 1 in Maces & Flails
  5077 | D:6      | Reached skill level 1 in Air Magic
  5229 | D:6      | Found a transporter.
  5361 | D:6      | Reached skill level 7 in Poison Magic
  5390 | D:6      | Noticed Pikel
  5475 | D:6      | Killed Pikel
  5475 | D:6      | Reached skill level 5 in Spellcasting
  5475 | D:6      | Reached XP level 9. HP: 73/73 MP: 6/17
  5512 | D:6      | Noticed Blork the orc
  5519 | D:6      | Killed Blork the orc
  5519 | D:6      | Reached skill level 8 in Poison Magic
  5651 | D:6      | Noticed a kobold demonologist
  5810 | D:6      | Noticed a +0 dagger
  5811 | D:6      | Found a hide-covered altar of Uskayaw.
  5812 | D:6      | Noticed a +0 hand axe
  5815 | D:6      | Found a transporter.
  5857 | D:6      | Reached skill level 5 in Stealth
  6096 | D:6      | Found a burning altar of Makhleb.
  6104 | D:6      | Found a stormy altar of Qazlal.
  6105 | D:6      | Found an opulent altar of Gozag.
  6492 | D:6      | Found a radiant altar of Vehumet.
  6528 | D:6      | Found a hide-covered altar of Uskayaw.
  7337 | D:7      | Learned a level 3 spell: Regeneration
  7564 | D:7      | Found a staircase to the Ecumenical Temple.
  7574 | Temple   | Entered the Ecumenical Temple
  7664 | Temple   | Became a worshipper of Warmaster Okawaru
  7771 | D:8      | Found a sacrificial altar of Ru.
  7893 | D:8      | Noticed Grum
  7911 | D:8      | Killed Grum
  8221 | D:8      | Reached XP level 10. HP: 80/80 MP: 16/19
  8294 | D:8      | Reached * piety under Okawaru
  8296 | D:8      | Quit the game

Skill      XL: |  1  2  3  4  5  6  7  8  9 |
---------------+----------------------------+-----
Poison Magic   | 5 6 7 8 |  8.8
Dodging        | 2 3 |  3.4
Conjurations   | 3 4 |  4.9
Spellcasting   | 3 4 5 6 |  6.2
Stealth        | 4 5 |  5.4
Bows           | 2 3 |  3.6
Fighting       | 1 2 |  2.7
Maces & Flails | 1 3 |  3.3
Air Magic      | 2 4 |  4.5
Slings         | |  0.2
Throwing       | |  0.4

Action                   |  1- 3 |  4- 6 |  7- 9 | 10-12 || total
-------------------------+-------+-------+-------+-------++-------
Melee: Whip              |       |    21 |   139 |       ||   160
 Fire: Shortbow          |       |    10 |    77 |       ||    87
       Hunting sling     |       |       |    26 |     4 ||    30
Throw: Stone             |     8 |    12 |     2 |       ||    22
 Cast: Sting             |    30 |    66 |    41 |       ||   137
       Mephitic Cloud    |       |     5 |    28 |     1 ||    34
       Poisonous Vapours |       |       |    54 |     4 ||    58
 Abil: Spit Poison       |    23 |    44 |    47 |     1 ||   115
  Use: Scroll            |       |     4 |     6 |       ||    10
 Stab: Confused          |       |     1 |     3 |       ||     4
  Eat: Ration            |       |     4 |     1 |       ||     5
       Chunk             |       |     3 |    12 |       ||    15
Armor: Robe              |     4 |    14 |    56 |     1 ||    75
Dodge: Dodged            |     9 |    33 |   116 |       ||   158
